Map: Goldenaura LE

Players

cyan

  • Race: Protoss Protoss
  • League: Master
  • Spawn Location: 5:00

DnS - Winner!

  • Race: Protoss Protoss
  • Spawn Location: 12:00

VOD

Have the link to the VOD?

Description

Time

  • Played on: Dec. 28, 2023, 10:16 a.m.
  • Length: 4:14
Show
View Real Time Build Order
Export as new Build Order

cyan Protoss 

Build Orders:  

Get SALT Encoding   

  12  0:00  Probe  
  13  0:12  Probe  
  14  0:17  Pylon  
  14  0:24  Probe (Chrono Boost)  
  15  0:37  Probe (Chrono Boost)  
  15  0:39  Gateway  
  16  0:44  Probe (Chrono Boost)  
  16  0:49  Assimilator  
  17  0:51  Probe  
  18  0:58  Assimilator  
  18  1:03  Probe (Chrono Boost)  
  19  1:08  Gateway  
  19  1:13  Probe (Chrono Boost)  
  20  1:18  Probe (Chrono Boost)  
  21  1:26  Cybernetics Core  
  21  1:29  Probe  
  22  1:33  Pylon  
  22  1:41  Probe  
  23  1:53  Probe  
  24  2:02  Stalker  
  24  2:03  Stalker  
  24  2:05  Probe  
  24  2:06  Warp Gate  
  29  2:11  Pylon  
  29  2:21  Probe  
  30  2:26  Robotics Facility  
  30  2:40  Stalker  
  30  2:44  Stalker  
  34  3:05  Nexus  
  33  3:15  Immortal (Chrono Boost)  
  37  3:28  Pylon  
  37  3:36  Shield Battery  
  33  3:54  Sentry  
  39  3:58  Sentry  
Show
View Real Time Build Order
Export as new Build Order

DnS Protoss - Winner!

Build Orders: Oracle Opening 

Get SALT Encoding   

  12  0:00  Probe  
  13  0:12  Probe  
  14  0:17  Pylon  
  14  0:24  Probe (Chrono Boost)  
  15  0:37  Gateway, Probe (Chrono Boost)  
  16  0:44  Probe (Chrono Boost)  
  16  0:46  Assimilator  
  17  0:51  Probe  
  17  0:55  Assimilator  
  18  1:03  Probe (Chrono Boost)  
  19  1:07  Gateway  
  19  1:12  Probe (Chrono Boost)  
  19  1:17  Probe (Chrono Boost)  
  20  1:25  Cybernetics Core  
  21  1:29  Probe  
  22  1:35  Pylon  
  22  1:41  Probe  
  23  1:53  Probe  
  24  2:01  Stalker x2  
  24  2:02  Warp Gate  
  28  2:11  Pylon  
  28  2:18  Stargate  
  28  2:36  Stalker  
  28  2:37  Stalker  
  32  2:53  Shield Battery  
  32  3:03  Shield Battery  
  32  3:04  Oracle (Chrono Boost)  
  35  3:10  Shield Battery  
  35  3:25  Nexus  
  35  3:29  Probe  
  36  3:36  Oracle (Chrono Boost)  
  39  3:41  Probe  
  38  3:52  Pylon  
  38  3:53  Probe  
  39  4:01  Twilight Council  
Tags
 
League
Master
Matchup
PvP
Player
DnS
Replay Pack
December 2023
Spawn Locations
Cross Positions
Add a new tag
Caveats
  • Supply blocks, unpowered buildings, or Contaminate may cause inaccurate times.
  • Supply counts are checked every 10 seconds.